 Dungeon Sprint DCSS version bcrawl-1.27.1d (webtiles) character file.

Game seed: 12844651156663934839

48 Freyura the Twirler (level 4, -10/36 HPs)
             Began as a Demonspawn Gladiator on July 27, 2020.
             Was a Follower of Ru.
             Mangled by an earth elemental (26 damage)
             ... in the Dungeon (Sprint VI: "Thunderdome").
             The game lasted 00:04:13 (288 turns).

Freyura the Twirler (Demonspawn Gladiator)           Turns: 288, Time: 00:04:14

Health: -10/36     AC:  3    Str: 14    XL:     4   Next: 21%
Magic:  4/4        EV: 14    Int: 10    God:    Ru [*.....]
Gold:   100        SH:  0    Dex: 15    Spells: 3/3 levels left

rFire    . . .     SeeInvis .   a - +0 quarterstaff (drain)
rCold    . . .     Gourm    .   (shield currently unavailable)
rNeg     . . .     Faith    .   b - +0 leather armour
rPois    .         Spirit   .   (helmet restricted)
rElec    .         Reflect  .   (no cloak)
rCorr    .         Harm     .   (no gloves)
MR       .....     NoTele   +   (no boots)
Stlth    +.........             (no amulet)
HPRegen  0.12/turn              (no ring)
MPRegen  0.09/turn              (no ring)

@: no status effects
A: antennae 1, talons 1, powered by pain 1, no conjurations magic, no fire
magic, no hexes magic
a: Renounce Religion


You were in the Dungeon.
You worshipped Ru.
Ru was aware of your devotion.
You were not hungry.

You visited 1 branch You collected 280 gold pieces.
You spent 180 gold pieces at shops.

Inventory:

Hand Weapons
 a - a +0 quarterstaff of draining (weapon)
Missiles
 d - 3 throwing nets {=f}
Armour
 b - a +0 leather armour (worn)
 c - a +0 helmet
Wands
 m - a wand of acid (5)
 n - a wand of iceblast (5)
Scrolls
 k - 4 scrolls of blinking
 o - 3 scrolls of fog
Potions
 f - a potion of curing
 g - 4 potions of heal wounds
 h - 4 potions of haste
 i - 2 potions of magic
 j - a potion of berserk rage
 l - a potion of resistance
Comestibles
 e - a ration {!d}


   Skills:
 + Level 3.6 Fighting
 + Level 5.7 Staves
 + Level 2.6 Throwing
 + Level 0.9 Armour
 + Level 4.9 Dodging


You had 3 spell levels left.
You didn't know any spells.
Your spell library was empty.

Dungeon Overview and Level Annotations

Branches:
Dungeon (1/1)

Altars:
Cheibriados
Dithmenos
Fedhas
Gozag
Kikubaaqudgha
Lugonu
Makhleb
Okawaru
Qazlal
Ru
Sif Muna
Trog
Uskayaw
Vehumet
Wu Jian
Xom
Yredelemnul
Zin
The Shining One
Beogh
Jiyva

Shops:
D *[%??*?*:[((!!!!


Innate Abilities, Weirdness & Mutations

You have a pair of small antennae on your head.
You have sharp toenails.
You sometimes gain a little power by taking damage.
You cannot study or cast Conjurations magic.
You cannot study or cast Fire magic.
You cannot study or cast Hexes magic.


Message History

You claw the earth elemental, but do no damage.
The earth elemental is moderately damaged.
You hit the earth elemental but do no damage.
The earth elemental is moderately damaged.
The earth elemental hits you!!
Ouch! That really hurt!
You are too injured to fight recklessly!
You are too injured to fight recklessly!
You barely miss the earth elemental.
You claw the earth elemental, but do no damage.
The earth elemental is moderately damaged.
You barely miss the earth elemental. Your kick misses the earth elemental.
The earth elemental is moderately damaged.
The earth elemental hits you but does no damage.
You hit the earth elemental.
You claw the earth elemental, but do no damage.
The earth elemental is heavily damaged.
The earth elemental hits you!!
Ouch! That really hurt!
You die...

######.8.........8.######
#∩___......###......___∩##
∩........8.# #.8........∩###
...........###.............##
........###...###..........⌠#
........# #.<.# #..........⌠#
........###...###..........⌠#
...........###..E..........##
∩........8.# #.8@.......∩###
#∩_._......###......___∩##
######.8.........8.######
#⌠...........(#
###.........### #_......(_#
#_......._# #_........#
#∩.......∩#


You could see an earth elemental.

Vanquished Creatures
  A big kobold (D)
  An adder (D)
  A ball python (D)
  A giant cockroach (D)
  A goblin (D)
  A jackal (D)
  3 kobolds (D)
  A frilled lizard (D)
10 creatures vanquished.

Notes
Turn   | Place    | Note
-------+----------+-------------------------------------------
     0 | D        | Freyura the Demonspawn Gladiator began the quest for the
                  | Orb.
     0 | D        | Reached XP level 1. HP: 16/16 MP: 1/1
     3 | D        | Found an ancient bone altar of Kikubaaqudgha.
     3 | D        | Found a basalt altar of Yredelemnul.
     4 | D        | Found a stormy altar of Qazlal.
     4 | D        | Found a sacrificial altar of Ru.
     5 | D        | Found a shadowy altar of Dithmenos.
     5 | D        | Round 1.
     6 | D        | Found an opulent altar of Gozag.
     6 | D        | Found a burning altar of Makhleb.
     6 | D        | Found Rieluvas's Staff Store.
     6 | D        | Found Raricit's Magic Scroll Shop.
     7 | D        | Found Aluduoj's Must-Have Magic.
     7 | D        | Found Ujegadi's Magic Scroll Shop.
    14 | D        | Became a worshipper of Ru the Awakened
    24 | D        | Bought a scroll of brand weapon for 180 gold pieces
    27 | D        | Found a radiant altar of Vehumet.
    31 | D        | Found a shimmering blue altar of Sif Muna.
    31 | D        | Found a blossoming altar of Fedhas.
    31 | D        | Found Emahami's Delicious Food.
    31 | D        | Found Diufon's Jewellery.
    32 | D        | Found Gaupn's Advanced Armour.
    37 | D        | Found Olymuja's Identification Station.
    37 | D        | Found a viscous altar of Jiyva.
    37 | D        | Found a bloodstained altar of Trog.
    41 | D        | Found a roughly hewn altar of Beogh.
    43 | D        | Reached skill level 3 in Staves
    43 | D        | Gained mutation: You have a pair of small antennae on your
                  | head. [demonic ancestry]
    43 | D        | Reached XP level 2. HP: 22/22 MP: 2/2
    53 | D        | Found a hide-covered altar of Uskayaw.
    53 | D        | Found a snail-covered altar of Cheibriados.
    53 | D        | Found Zoext's Premium Goods.
    53 | D        | Found Lionlig's Miscellaneous Merchandise.
    54 | D        | Found Inoen's Basic Armour.
    55 | D        | Found a glowing silver altar of Zin.
    55 | D        | Found a glowing golden altar of the Shining One.
    55 | D        | Found Edgha's Weapon Rack.
    71 | D        | Found a corrupted altar of Lugonu.
    73 | D        | Found a shimmering altar of Xom.
    73 | D        | Found an ornate altar of the Wu Jian Council.
    73 | D        | Found Quorph Qikh's Do-It-Yourself Clinic.
    73 | D        | Found Piopo's Bottled Wisdom.
    74 | D        | Found Zekeat's Distillery.
    79 | D        | Found Zoup's Distillery.
    79 | D        | Found an iron altar of Okawaru.
   117 | D        | Arena points: 12 (+12) [x2]
   117 | D        | Reached skill level 4 in Staves
   124 | D        | Gained mutation: You cannot study or cast Fire magic. [Ru
                  | sacrifice]
   124 | D        | Gained mutation: You cannot study or cast Hexes magic. [Ru
                  | sacrifice]
   124 | D        | Gained mutation: You cannot study or cast Conjurations
                  | magic. [Ru sacrifice]
   124 | D        | Reached * piety under Ru
   145 | D        | Round 2.
   172 | D        | Noticed a big kobold
   176 | D        | Killed a big kobold
   176 | D        | Reached skill level 5 in Staves
   176 | D        | Gained mutation: You have sharp toenails. [demonic
                  | ancestry]
   176 | D        | Reached XP level 3. HP: 14/29 MP: 3/3
   176 | D        | Gained mutation: You sometimes gain a little power by
                  | taking damage. [demonic ancestry]
   176 | D        | Reached XP level 4. HP: 17/36 MP: 4/4
   186 | D        | Arena points: 48 (+36) [x3]
   251 | D        | Round 3.
   277 | D        | Noticed an earth elemental
   288 | D        | Mangled by an earth elemental

Skill      XL: |  1  2 |
---------------+-------+-----
Staves         | 3 5 |  5.7
Throwing       | 2 |  2.6
Dodging        | 3 4 |  4.9
Fighting       | 3 |  3.6
Armour         | |  0.9

Action                   |  1- 3 |  4- 6 || total
-------------------------+-------+-------++-------
Melee: Quarterstaff      |    12 |    14 ||    26
       Kick              |       |     7 ||     7
Invok: Sacrifice Arcana  |     1 |       ||     1
  Use: Scroll            |     1 |       ||     1
Armor: Leather armour    |     2 |     3 ||     5
Dodge: Dodged            |     6 |     9 ||    15
